 Dungeon Crawl Stone Soup version 0.27.1-3-gb3d3a73c9e (webtiles) character file.

Game seed: 1558869503250781431

107 Atelerd the Digger (level 4, -4/27 HPs)
             Began as an Octopode Earth Elementalist on Oct 31, 2021.
             Slain by an orc (9 damage)
             ... on level 3 of the Dungeon.
             The game lasted 00:03:45 (2814 turns).

Atelerd the Digger (Octopode Earth Elementalist)    Turns: 2814, Time: 00:03:45

Health: -4/27      AC:  1    Str:  7    XL:     4   Next: 85%
Magic:  6/8        EV: 13    Int: 18    God:
Gold:   46         SH:  0    Dex: 12    Spells: 8/9 levels left

rFire    . . .     SeeInvis .   c - +0 dagger
rCold    . . .     Faith    .   (no shield)
rNeg     . . .     Spirit   .   (helmet restricted)
rPois    .         Reflect  .   (no amulet)
rElec    .         Harm     .   (no ring)
rCorr    .         Rampage  .   (no ring)
Will     .....                  (no ring)
Stlth    +++.......             (no ring)
HPRegen  0.09/turn              (no ring)
MPRegen  0.11/turn              (no ring)
                                (no ring)
                                (no ring)

@: no status effects
A: almost no armour, amphibious, 8 rings, camouflage 1, gelatinous body 1,
(nimble swimmer 1), tentacles
a: no special abilities


You were on level 3 of the Dungeon.
You visited 1 branch of the dungeon, and saw 3 of its levels.

You collected 46 gold pieces.

Inventory:

Hand Weapons
 c - a +0 dagger (weapon)
Missiles
 b - 4 stones
Scrolls
 a - a scroll of teleportation {unknown}
 e - a scroll of fear {unknown}
 f - 2 scrolls of enchant weapon {unknown}
Potions
 d - a potion of lignification {unknown}
 g - 2 potions of resistance {unknown}
 h - a potion of mutation {unknown}
 i - a potion of curing {unknown}


   Skills:
 - Level 2.0 Dodging
 - Level 2.6 Stealth
 + Level 3.0 Spellcasting
 + Level 2.6 Transmutations
 + Level 3.9 Earth Magic


You had 8 spell levels left.
You knew the following spells:

 Your Spells              Type           Power      Damage    Failure   Level
a - Sandblast             Erth           34%        2d9       3%          1

Your spell library contained the following spells:

 Spells                   Type           Power      Damage    Failure   Level
 Passwall                 Tmut/Erth      11%        N/A       6%          2
 Corona                   Hex            2%         N/A       16%         1
 Stone Arrow              Conj/Erth      18%        3d8       22%         3
 Ensorcelled Hibernation  Hex/Ice        4%         N/A       24%         2
 Petrify                  Tmut/Erth      14%        N/A       38%         4
 Tukima's Dance           Hex            2%         N/A       43%         3


Dungeon Overview and Level Annotations

Branches:
Dungeon (3/15)

Altars:

Annotations:
D:1 exclusion: downstairs
D:2 1 runed translucent door, Crazy Yiuf, Terence


Innate Abilities, Weirdness & Mutations

You cannot wear most types of armour.
You are amphibious.
You can wear up to eight rings at the same time.
Your skin changes colour to match your surroundings (Stealth+).
Your rubbery body absorbs attacks. (AC +1, EV +1)
((You are camouflaged near water. (Stealth+)))
You have tentacles for arms and can constrict up to eight enemies at once.


Message History

You constrict the orc.
You hear a shout!
The orc closely misses you.
The blast of sand hits the orc!
You kill the orc!
An orc comes into view. It is wielding a +0 mace.
You hit the orc but do no damage. Your grab misses the orc.
The blast of sand hits the orc.
The orc is heavily wounded.
The orc hits you with a +0 flail.
The blast of sand hits the orc!
You kill the orc!
The orc wizard hits you but does no damage.
You miscast Sandblast.
You are very lightly contaminated with residual magic.
Nothing appears to happen.
The orc wizard casts a spell at you. The magic dart hits you.
You hit the orc wizard but do no damage.
You grab the orc wizard. You constrict the orc wizard.
The orc hits you with a +0 mace. The orc wizard misses you.
You are too injured to fight recklessly!
You release your grip on the orc wizard.
The goblin drinks a potion.
The goblin goes berserk!
The goblin hits you with a +0 club.
The goblin rages.
A goblin comes into view. It is wielding a +1 dagger of speed.
Your magical contamination has completely faded away.
You hear a shout!
The goblin hits you with a +1 dagger of speed.
* * * LOW HITPOINT WARNING * * *
You hear a shout!
The goblin hits you with a +1 dagger of speed.
* * * LOW HITPOINT WARNING * * *
You hear a shout!
The goblin hits you with a +1 dagger of speed.
* * * LOW HITPOINT WARNING * * *
The goblin rages.
The orc hits you with a +0 mace!
You die...

#..### #..g.#
#.##.## #.
#.o# #.
##.###### #.
##.o....#
#........g#.#
#...##+##.og#
#.. ##.@# #
#..# #.## +.#
#.# #. #. ..


You could see an orc wizard, an orc and 2 goblins.

Vanquished Creatures
  Jessica (D:2)
  2 adders
  A worm (D:2)
  A dart slug (D:1)
  2 orcs (D:3)
  4 ball pythons
  9 bats
  2 endoplasms
  A giant cockroach (D:1)
  5 goblins
  4 hobgoblins
  7 jackals
  5 frilled lizards
  6 kobolds
  4 rats
54 creatures vanquished.

Notes
Turn   | Place    | Note
-------+----------+-------------------------------------------
     0 | D:1      | Atelerd the Octopode Earth Elementalist began the quest for
                  | the Orb.
     0 | D:1      | Reached XP level 1. HP: 11/11 MP: 3/3
   343 | D:1      | Reached XP level 2. HP: 17/17 MP: 5/5
   681 | D:1      | Found a faded altar of an unknown god.
   995 | D:1      | Reached XP level 3. HP: 21/21 MP: 2/6
  1613 | D:2      | Noticed Terence
  2273 | D:2      | Noticed Jessica
  2280 | D:2      | Reached XP level 4. HP: 27/27 MP: 5/8
  2282 | D:2      | Killed Jessica
  2478 | D:2      | Found a runed translucent door.
  2479 | D:2      | Noticed Crazy Yiuf
  2814 | D:3      | Slain by an orc

Illustrated notes

Levels and vault maps discovered:
D:1:      matt_arrival_spirals, layout_basic, basic_ecumenical_altar,
          minmay_pentomino_x4
D:2:      layout_loops_cross, uniq_jessica, uniq_crazy_yiuf_cottage,
          uniq_terence
D:3:      layout_rooms, minmay_box_of_dots

Skill      XL: |  1  2  3  4 |
---------------+-------------+-----
Transmutations | 2 |  2.6
Spellcasting   | 3 |  3.0
Dodging        | |  2.0
Stealth        | |  2.6
Earth Magic    | |  3.9

Action                   |  1- 3 |  4- 6 || total
-------------------------+-------+-------++-------
Melee: Unarmed           |    13 |       ||    13
       Constrict         |    23 |     4 ||    27
       Tentacles         |    12 |     4 ||    16
       Dagger            |    58 |    17 ||    75
 Cast: Sandblast         |    23 |     7 ||    30
 Stab: Sleeping          |    10 |       ||    10
Armor: Skin              |     7 |     2 ||     9
Dodge: Dodged            |    55 |     8 ||    63
